 Dungeon Crawl Stone Soup version 0.28-a0-384-g9e0c098162 (webtiles) character file.

Game seed: 8974509345146157259

1038 omnomnOMINOUS the Skirmisher (level 8, -1/58 HPs)
             Began as an Octopode Wanderer on Sept 1, 2021.
             Was an Elder of Elyvilon.
             Slain by a sky beast (5 damage)
             ... on level 5 of the Dungeon on Sept 2, 2021.
             The game lasted 00:14:02 (5891 turns).

omnomnOMINOUS the Skirmisher (Octopode Wanderer)    Turns: 5891, Time: 00:14:03

Health: -1/58      AC:  1    Str: 13    XL:     8   Next: 24%
Magic:  0/10       EV: 14    Int: 19    God:    Elyvilon [****..]
Gold:   243        SH:  0    Dex:  7    Spells: 9/10 levels left

rFire   . . .      SeeInvis .   b - +2 spear (venom)
rCold   . . .      Faith    .   (no shield)
rNeg    . . .      Spirit   +   (helmet restricted)
rPois   .          Reflect  .   v - amulet of guardian spirit
rElec   .          Harm     .   s - ring of resist corrosion
rCorr   +          Rampage  .   (no ring)
Will    .....                   (no ring)
Stlth   ++........              (no ring)
HPRegen 0.19/turn               (no ring)
MPRegen 0.12/turn               (no ring)
                                (no ring)
                                (no ring)

@: mighty, attractive
A: almost no armour, amphibious, 8 rings, camouflage 1, gelatinous body 1,
(nimble swimmer 1), tentacles
a: Renounce Religion, Lesser Healing, Heal Other, Purification, Greater Healing,
Divine Protection


You were on level 5 of the Dungeon.
You worshipped Elyvilon.
Elyvilon was greatly pleased with you.
You visited 1 branch of the dungeon, and saw 5 of its levels.

You collected 243 gold pieces.

Inventory:

Hand Weapons
 a - a +4 whip of flaming
 b - a +2 spear of venom (weapon)
 f - a +1 dagger of venom
 j - a +4 dagger
 k - a +2 hand crossbow
 p - a +0 trident
 w - a +0 halberd
Missiles
 g - 56 bolts
Jewellery
 s - a ring of resist corrosion (left tentacle)
 v - an amulet of guardian spirit (around mantle)
Scrolls
 e - 2 scrolls of enchant armour
 h - a scroll of blinking {unknown}
 i - 2 scrolls of amnesia
 l - a scroll of fear {unknown}
 q - 2 scrolls of teleportation
Potions
 r - a potion of flight
 t - a potion of resistance


   Skills:
 + Level 6.4 Fighting
 - Level 1.0 Crossbows
 - Level 1.0 Throwing
 + Level 6.4 Dodging
 - Level 1.3 Stealth
 + Level 1.8 Spellcasting
 - Level 3.0 Summonings
 - Level 2.0 Fire Magic


You had 9 spell levels left.
You knew the following spells:

 Your Spells              Type           Power      Damage    Failure   Level
a - Summon Small Mammal   Summ           52%        N/A       4%          1

Your spell library contained the following spells:

 Spells                   Type           Power      Damage    Failure   Level
 Animate Skeleton         Necr           2%         N/A       17%         1
 Pain                     Necr           4%         1d4       17%         1
 Sandblast                Erth           2%         2d4       17%         1
 Passwall                 Tmut/Erth      0%         N/A       26%         2
 Summon Guardian Golem    Hex/Summ       7%         N/A       28%         3
 Vampiric Draining        Necr           0%         2d6       45%         3
 Lee's Rapid Deconstruct  Erth           0%         3d5*      99%         5


Dungeon Overview and Level Annotations

Branches:
Dungeon (5/15)
 Temple: D:4-7

Altars:
Elyvilon

Shops:
D:2 (

Annotations:
D:3 exclusion: water moccasin


Innate Abilities, Weirdness & Mutations

You cannot wear most types of armour.
You are amphibious.
You can wear up to eight rings at the same time.
Your skin changes colour to match your surroundings (Stealth+).
Your rubbery body absorbs attacks. (AC +1, EV +1)
((You are camouflaged near water. (Stealth+)))
You have tentacles for arms and can constrict up to eight enemies at once.


Message History

The wight freezes you.
You barely miss the wight. Your grab misses the wight.
The wight is severely damaged.
The wight barely misses you.
You puncture the wight!
You destroy the wight!
You miss the sky beast.
The sky beast flickers out of sight!
Deactivating autopickup; reactivate with Ctrl-A.
Something hits you. Something shocks you.
You miss something. Something hits you. Something shocks you.
You miss something. Something hits you. Something shocks you.
* * * LOW HITPOINT WARNING * * *
It was a potion of attraction.
You feel attractive to monsters. Something hits you but does no damage.
You feel better. Something barely misses you.
You feel very mighty all of a sudden. Something hits you. Something shocks you.
* * * LOW HITPOINT WARNING * * *
You miss something. Something hits you.
* * * LOW HITPOINT WARNING * * *
Something shocks you.
* * * LOW HITPOINT WARNING * * *
You feel better. Something hits you.
* * * LOW HITPOINT WARNING * * *
Something shocks you.
* * * LOW HITPOINT WARNING * * *
You feel better. Something hits you.
* * * LOW HITPOINT WARNING * * *
Something shocks you.
* * * LOW HITPOINT WARNING * * *
You feel better. Something hits you but does no damage.
You miss something. Something hits you.
* * * LOW HITPOINT WARNING * * *
Something shocks you.
* * * LOW HITPOINT WARNING * * *
You closely miss something. Something hits you.
* * * LOW HITPOINT WARNING * * *
Something shocks you.
You die...

#........##.#
#........?..#
+.........#
#.......#.##
#####..........#
#...#...{...#..h.
#.#.##..†#### .
#.#.##...#############
#.#.##....{@.).......#
#.#.################.#
#.#.........#.....##.#
#.#######.###.###.##.#
#.# #..<#.# #.##.#
#.###########.# #.##.#
#.............# #.##.#
### ###############
#.##.# #..
#.##.#####.#


There were no monsters in sight!

Vanquished Creatures
  Eustachio (D:5)
  Duvessa (D:4)
  A black bear (D:4)
  An ogre (D:4)
  Dowan (D:4)
  3 wights (D:5)
  2 howler monkeys
  A gnoll shaman (D:4)
  An iguana (D:4)
  Natasha (twice) (D:2)
  Robin (D:2)
  5 adders
  9 gnolls
  An adder skeleton (D:4)
  3 dart slugs
  An orc (D:3)
  10 ball pythons
  2 bats
  8 endoplasms
  5 giant cockroaches
  9 hobgoblins
  10 jackals
  7 kobolds
  5 quokkas
  3 frilled lizards
  12 goblins
  6 rats
111 creatures vanquished.

Notes
Turn   | Place    | Note
-------+----------+-------------------------------------------
     0 | D:1      | omnomnOMINOUS the Octopode Wanderer began the quest for the
                  | Orb.
     0 | D:1      | omnomnOMINOUS set off with the following items: a +2 hand
                  | crossbow, 23 bolts, a potion of lignification; and the
                  | following spell memorised: Summon Small Mammal; and the
                  | following spells available to memorise: Summon Guardian
                  | Golem
     0 | D:1      | Reached XP level 1. HP: 14/14 MP: 1/1
   368 | D:1      | Found a faded altar of an unknown god.
   386 | D:1      | Became a worshipper of Elyvilon the Healer
   386 | D:1      | Reached * piety under Elyvilon
   439 | D:1      | Reached skill level 1 in Dodging
   439 | D:1      | Reached XP level 2. HP: 13/20 MP: 2/2
  1179 | D:1      | Reached XP level 3. HP: 21/25 MP: 3/3
  1572 | D:2      | Reached ** piety under Elyvilon
  1596 | D:2      | Found Amodd's Antique Weapon Shoppe.
  1724 | D:2      | Reached XP level 4. HP: 19/31 MP: 4/4
  2031 | D:2      | Noticed Natasha
  2040 | D:2      | Killed Natasha
  2155 | D:2      | Noticed Robin
  2166 | D:2      | Killed Robin
  2378 | D:2      | Reached XP level 5. HP: 37/37 MP: 5/5
  2455 | D:2      | Noticed Natasha
  2470 | D:2      | Killed Natasha
  2533 | D:2      | Reached *** piety under Elyvilon
  3511 | D:3      | Noticed a water moccasin
  3727 | D:3      | Reached XP level 6. HP: 38/43 MP: 6/6
  3991 | D:4      | Noticed Duvessa
  4012 | D:4      | Killed Duvessa
  4025 | D:4      | Noticed Dowan
  4076 | D:4      | Killed Dowan
  4367 | D:4      | Reached skill level 5 in Dodging
  4367 | D:4      | Reached XP level 7. HP: 49/49 MP: 7/7
  4471 | D:4      | Reached skill level 5 in Fighting
  4580 | D:4      | Upgraded the game from 0.28-a0-381-g937acc2988 to
                  | 0.28-a0-384-g9e0c098162
  4725 | D:4      | Reached **** piety under Elyvilon
  5472 | D:5      | Entered Level 5 of the Dungeon
  5551 | D:5      | Noticed Eustachio
  5561 | D:5      | Killed Eustachio
  5562 | D:5      | Reached skill level 1 in Spellcasting
  5562 | D:5      | Reached XP level 8. HP: 38/57 MP: 4/9
  5891 | D:5      | Slain by a sky beast

Illustrated notes

Levels and vault maps discovered:
D:1:      mainiacjoe_arrival_reflecting_pool, layout_basic,
          hellmonk_ecumenical_altar_leap_of_faith
D:2:      layout_loops_ring, serial_shops, shop_coins, uniq_robin, uniq_natasha
D:3:      minmay_inner_zag, layout_basic, chequers_temple_overflow_minitemple,
          chequers_serial_rivers_micro_c, guppyfry_early_lair_pool
D:4:      layout_basic, lightli_ossuary_entry_decrepit_ruins, uniq_duvessa
D:5:      layout_basic, hangedman_decor_push, lightli_corner_chamber,
          uniq_pikel, uniq_eustachio

Skill      XL: |  1  2  3  4  5  6  7 |
---------------+----------------------+-----
Dodging        | 1 2 3 4 5 6 |  6.4
Fighting       | 3 4 6 |  6.4
Spellcasting   | 1 |  1.8
Crossbows      | |  1.0
Throwing       | |  1.0
Stealth        | |  1.3
Summonings     | |  3.0
Fire Magic     | |  2.0

Action                   |  1- 3 |  4- 6 |  7- 9 || total
-------------------------+-------+-------+-------++-------
Melee: Unarmed           |    32 |       |       ||    32
       Constrict         |    12 |    20 |    11 ||    43
       Tentacles         |     9 |    12 |    10 ||    31
       Club              |    12 |       |       ||    12
       Dagger            |     4 |       |       ||     4
       Whip              |    14 |     6 |       ||    20
       Spear             |    16 |   122 |    85 ||   223
 Fire: Hand crossbow     |    10 |       |       ||    10
Throw: Boomerang         |       |     4 |     1 ||     5
  Use: Potion            |     1 |     2 |     6 ||     9
       Scroll            |       |       |     7 ||     7
 Stab: Sleeping          |     8 |    18 |     3 ||    29
       Distracted        |     1 |       |       ||     1
Armor: Skin              |    16 |    17 |     4 ||    37
Dodge: Dodged            |    64 |    41 |    46 ||   151

Table legend: (Time is in decaauts)
 A = Elapsed time spent in this place.
 B = Non-inter-level travel time spent in this place.
 C = Inter-level travel time spent in this place.
 D = Time resting spent in this place.
 E = Time spent auto-exploring this place.
 F = Levels seen in this place.
 G = Mean time per level.
                   A        B        C        D        E       F      G
               +--------+--------+--------+--------+--------+-----+--------+
         Total |   5925 |   5822 |    103 |   1722 |   3079 |   5 | 1185.0 |
       Dungeon |   5925 |   5822 |    103 |   1722 |   3079 |   5 | 1185.0 |
               +--------+--------+--------+--------+--------+-----+--------+

Top non-repeatable levels by time:
     D:1: 1541 daAuts
     D:2: 1362 daAuts
     D:4: 1348 daAuts
     D:3: 1250 daAuts
     D:5: 422 daAuts
